 Dungeon Crawl Stone Soup version 0.30-a0-439-g9e77e4d916 (webtiles) character file.

Game seed: 9719101624356659522

223 oldriver the Magician (level 5, -1/42 HPs)
             Began as a Mummy Necromancer on Dec 11, 2022.
             Slain by a phantom (6 damage)
             ... on level 3 of the Dungeon.
             The game lasted 00:04:22 (4139 turns).

oldriver the Magician (Mummy Necromancer)           Turns: 4139, Time: 00:04:23

Health: -1/42      AC:  4    Str: 17    XL:     5   Next: 66%
Magic:  13/13      EV: 12    Int: 16    God:
Gold:   186        SH:  0    Dex: 13    Spells: 7/15 levels left

rFire   x . .      SeeInvis .    g - +0 dagger (freeze)
rCold   + . .      Faith    +    (no shield)
rNeg    + + +      Spirit   .    a - +0 robe
rPois   ∞          Reflect  .    (no helmet)
rElec   .          Harm     .    h - +0 cloak
rCorr   .          Rampage  .    i - +0 pair of gloves
Will    .....                    (no boots)
Stlth   ++........               (no amulet)
HPRegen 0.27/turn                l - +6 ring of strength
MPRegen 0.13/turn                (no ring)

@: no status effects
A: cold resistance 1, negative energy resistance 3, torment resistance 2, heat
vulnerability 1, in touch with death 1, no potions, faith
a: no special abilities


You were on level 3 of the Dungeon.
You visited 1 branch of the dungeon, and saw 4 of its levels.

You collected 186 gold pieces.

Inventory:

Hand Weapons
 g - a +0 dagger of freezing (weapon)
Armour
 a - a +0 robe (worn)
 h - a +0 cloak (worn)
 i - a +0 pair of gloves (worn)
Jewellery
 l - a +6 ring of strength (left hand)
Wands
 n - a wand of paralysis (8)
Scrolls
 b - 2 scrolls of fog {unknown}
 c - 2 scrolls of brand weapon {unknown}
 d - 2 scrolls of noise {unknown}
 e - a scroll of magic mapping {unknown}
 f - 3 scrolls of identify {unknown}
 j - a scroll of teleportation {unknown}
 k - 2 scrolls of fear {unknown}
 m - a scroll of torment {unknown}
 o - a scroll of immolation {unknown}


   Skills:
 + Level 3.8 Fighting
 - Level 1.5 Dodging
 - Level 1.5 Stealth
 + Level 5.5 Spellcasting
 - Level 4.0 Necromancy


You had 7 spell levels left.
You knew the following spells:

 Your Spells              Type           Power      Damage    Failure   Level
a - Necrotise             Necr           100%       1d9       2%          1
b - Vampiric Draining     Necr           25%        2d7       9%          3
c - Animate Dead          Necr           25%        N/A       28%         4

Your spell library contained the following spells:

 Spells                   Type           Power      Damage    Failure   Level
 Vhi's Electric Charge    Tloc/Air       8%         N/A       41%         3
 Agony                    Necr           25%        N/A       61%         5
 Arcjolt                  Conj/Air       2%         1d12      99%         5
 Maxwell's Capacitive Co  Air            2%         ∞         100%        8


Dungeon Overview and Level Annotations

Branches:
Dungeon (4/15)
 Temple: D:4-7

Altars:
Xom

Shops:
D:1 :

Annotations:
D:4 Eustachio, Robin


Innate Abilities, Weirdness & Mutations

You are immune to poison.
Your flesh is cold resistant. (rC+)
You are immune to negative energy. (rN+++)
You are immune to unholy pain and torment.
You are vulnerable to heat. (rF-)
You are in touch with the powers of death.
You do not drink.
You have a special connection with the divine. (Faith)


Message History

The phantom is severely damaged.
The phantom hits you.
The phantom blinks!
You blink.
You barely miss the phantom.
The phantom is severely damaged.
The phantom hits you.
You hit the phantom.
The phantom is almost destroyed.
The phantom hits you.
You hit the phantom but do no damage.
The phantom is almost destroyed.
The phantom hits you.
The phantom blinks!
You blink.
You hit the phantom but do no damage.
The phantom is almost destroyed.
The phantom hits you.
* * * LOW HITPOINT WARNING * * *
You hit the phantom but do no damage.
The phantom is almost destroyed.
The phantom hits you but does no damage.
You miss the phantom.
The phantom is almost destroyed.
The phantom hits you but does no damage.
You barely miss the phantom.
The phantom is almost destroyed.
The phantom barely misses you.
You hit the phantom but do no damage.
The phantom is almost destroyed.
The phantom hits you.
* * * LOW HITPOINT WARNING * * *
You barely miss the phantom.
The phantom is almost destroyed.
The phantom hits you.
* * * LOW HITPOINT WARNING * * *
You hit the phantom.
The phantom is almost destroyed.
The phantom hits you.
* * * LOW HITPOINT WARNING * * *
You closely miss the phantom.
The phantom is almost destroyed.
The phantom hits you.
You die...

#################### #
#..................# #
#.#................# #
#.#.....#####......# #
#.#..⌠.##.W@##.⌠..## #
#.#...##8....##...# #
#.#..###.._...##..#
#.#.##.#8......##.#
#...#..##.......#.#
######...'...#####..>#.#
.........#.......##..#.#
###.###..##......8#.##.#
###.# ##..##..._..###..#


You could see a phantom.

Vanquished Creatures
  An iguana (D:4)
  5 gnolls
  3 adders
  3 worms
  2 dart slugs
  4 orcs (D:4)
  6 ball pythons
  3 bats (D:1)
  9 endoplasms
  3 giant cockroaches
  14 goblins
  9 hobgoblins
  3 jackals (D:1)
  7 kobolds
  4 quokkas
  2 frilled lizards
  3 rats
81 creatures vanquished.

Vanquished Creatures (collateral kills)
  A gnoll (D:3)
  A worm (D:2)
  A hobgoblin (D:1)
  A jackal (D:1)
  A rat (D:3)
5 creatures vanquished.

Vanquished Creatures (others)
  A plant (D:1)
1 creature vanquished.

Grand Total: 87 creatures vanquished

Notes
Turn   | Place    | Note
-------+----------+-------------------------------------------
     0 | D:1      | oldriver the Mummy Necromancer began the quest for the Orb.
     0 | D:1      | Reached XP level 1. HP: 13/13 MP: 4/4
   129 | D:1      | Reached skill level 3 in Spellcasting
   134 | D:1      | Reached skill level 1 in Fighting
   134 | D:1      | Reached XP level 2. HP: 21/21 MP: 0/6
   845 | D:1      | Found Byjepok's Vocational Training.
  1011 | D:2      | Gained mutation: You are in touch with the powers of death.
                  | [Mummy growth]
  1011 | D:2      | Reached XP level 3. HP: 15/27 MP: 0/8
  1696 | D:2      | Reached skill level 4 in Spellcasting
  2430 | D:3      | Reached XP level 4. HP: 34/34 MP: 8/10
  3004 | D:3      | Found a faded altar of an unknown god.
  3008 | D:3      | Found a shimmering altar of Xom.
  3057 | D:4      | Reached skill level 5 in Spellcasting
  3057 | D:4      | Reached XP level 5. HP: 41/41 MP: 4/12
  3520 | D:4      | HP: 1/41 [orc/bolt of acid (21)]
  3957 | D:4      | Noticed Robin
  4036 | D:4      | Noticed Eustachio
  4037 | D:4      | Noticed a phantom
  4100 | D:3      | Learned a level 3 spell: Vampiric Draining
  4105 | D:3      | Learned a level 4 spell: Animate Dead
  4139 | D:3      | Slain by a phantom

Illustrated notes

Levels and vault maps discovered:
D:1:      eino_arrival_water_cross, layout_basic, nicolae_shop_vocational
D:2:      layout_basic, dreamdust_princess_bridge
D:3:      layout_rooms, nicolae_overflow_ecumenical_swirl
D:4:      layout_loops_ring, goddamned_bats, uniq_robin, uniq_eustachio

Skill      XL: |  1  2  3  4 |
---------------+-------------+-----
Spellcasting   | 3 4 5 |  5.5
Fighting       | 1 2 3 |  3.8
Dodging        | |  1.5
Stealth        | |  1.5
Necromancy     | |  4.0

Action                   |  1- 3 |  4- 6 || total
-------------------------+-------+-------++-------
Melee: Unarmed           |     8 |       ||     8
       Dagger            |       |    36 ||    36
 Cast: Necrotise         |    81 |    94 ||   175
       Vampiric Draining |       |     1 ||     1
Armor: Robe              |     4 |    24 ||    28
Dodge: Dodged            |    37 |    58 ||    95

Table legend: (Time is in decaauts)
 A = Elapsed time spent in this place.
 B = Non-inter-level travel time spent in this place.
 C = Inter-level travel time spent in this place.
 D = Time resting spent in this place.
 E = Time spent auto-exploring this place.
 F = Levels seen in this place.
 G = Mean time per level.
                   A        B        C        D        E       F      G
               +--------+--------+--------+--------+--------+-----+--------+
         Total |   4139 |   4060 |     79 |    208 |   3141 |   4 | 1034.8 |
       Dungeon |   4139 |   4060 |     79 |    208 |   3141 |   4 | 1034.8 |
               +--------+--------+--------+--------+--------+-----+--------+

Top non-repeatable levels by time:
     D:2: 1324 daAuts
     D:4: 1014 daAuts
     D:1: 949 daAuts
     D:3: 851 daAuts
